ESL (28 & UNDER)
INTERCOURSE AMISH @ BUTLER WHITE SOX
04/21/2028
 
TOP OF THE 1ST
Intercourse Amish batting - Pitching for Butler White Sox : LHP Dexter Browning
Pitching: LHP Dexter Browning
Batting: LHB Jesús Raugel 0-0: Foul Ball, location: 2F
0-1: Ball
1-1: Called Strike
1-2: Ball
2-2: SINGLE (Groundball, 34D)
Batting: RHB Frank Maxwell 0-0: Called Strike
0-1: Ball
1-1: Swinging Strike
1-2: Strikes out swinging
Batting: RHB Manny Ramírez 0-0: Called Strike
0-1: Called Strike
0-2: Ball
1-2: DOUBLE (Line Drive, 7)
Jesús Raugel to third
Batting: RHB Juan Estrada 0-0: Ball
1-0: Swinging Strike
1-1: Ball
2-1: Ball
3-1: Called Strike
3-2: Fly out, F2 (Popup, 15S)
Batting: RHB Bob Carr 0-0: Ball
1-0: SINGLE (Groundball, 6MD)
Jesús Raugel scores
Manny Ramírez to third
Runner from 3rd tries for Home, SAFE, no throw
Batting: RHB Pablo Díaz 0-0: Ball
Bob Carr steals 2nd base
1-0: Called Strike
1-1: Ground out 6-3 (Groundball, 6)
Top of the 1st over - 2 run(s), 3 hit(s), 0 error(s), 1 left on base; Intercourse 2 - Butler 0
BOTTOM OF THE 1ST
Butler White Sox batting - Pitching for Intercourse Amish : LHP Michael Miller
Pitching: LHP Michael Miller
Batting: LHB Sam Haynes 0-0: Called Strike
0-1: Ball
1-1: Ground out 1-3 (Groundball, 13)
Batting: RHB Luis Ramos 0-0: SINGLE (Line Drive, 34D)
Batting: SHB Ben Marks 0-0: 2-RUN HOME RUN (Flyball, 7LD), Distance : 353 ft
Batting: RHB Bobby Murdock 0-0: Ball
1-0: DOUBLE (Flyball, 8LD) - OUT at third base trying to stretch hit.
Batting: LHB Denny Allen 0-0: Called Strike
0-1: Ball
1-1: Fly out, F9 (Line Drive, 9)
Bottom of the 1st over - 2 run(s), 3 hit(s), 0 error(s), 0 left on base; Intercourse 2 - Butler 2
TOP OF THE 2ND
Intercourse Amish batting - Pitching for Butler White Sox : LHP Dexter Browning
Batting: SHB Conan Hanson 0-0: Ball
1-0: Fly out, F6 (Popup, 6D)
Batting: RHB Ramón Padilla 0-0: Ball
1-0: Ball
2-0: Ball
3-0: Called Strike
3-1: Foul Ball, location: 2F
3-2: Strikes out swinging
Batting: RHB Taylor Justice 0-0: Called Strike
0-1: Called Strike
0-2: Reached on error, E4 (Groundball, 4M)
Batting: LHB Jesús Raugel 0-0: Ball
1-0: Fly out, F8 (Flyball, 89D)
Top of the 2nd over - 0 run(s), 0 hit(s), 1 error(s), 1 left on base; Intercourse 2 - Butler 2
BOTTOM OF THE 2ND
Butler White Sox batting - Pitching for Intercourse Amish : LHP Michael Miller
Batting: RHB Tom Lang 0-0: Ball
1-0: Ball
2-0: Ball
3-0: Called Strike
3-1: Base on Balls
Batting: LHB Thomas Dixon 0-0: Swinging Strike
0-1: Ball
1-1: Ball
2-1: Foul Ball, location: 2F
2-2: Foul Ball, location: 2F
2-2: Strikes out swinging
Batting: LHB Josh Pérez 0-0: Called Strike
0-1: Ball
1-1: Called Strike
1-2: Foul Ball, location: 2F
1-2: Foul Ball, location: 2F
1-2: Ball
2-2: Fielders Choice at 2nd, 1-6 (Groundball, P)
Batting: RHB Steve Clifton 0-0: Ball
1-0: Called Strike
1-1: Swinging Strike
1-2: Foul Ball, location: 2F
1-2: Ball
Josh Pérez steals 2nd base
2-2: Fly out, F8 (Flyball, 8RM)
Bottom of the 2nd over - 0 run(s), 0 hit(s), 0 error(s), 1 left on base; Intercourse 2 - Butler 2
TOP OF THE 3RD
Intercourse Amish batting - Pitching for Butler White Sox : LHP Dexter Browning
Batting: RHB Frank Maxwell 0-0: Swinging Strike
0-1: Foul Ball, location: 2F
0-2: Foul Ball, location: 2F
0-2: Ball
1-2: Ball
2-2: Ball
3-2: SINGLE (Flyball, 8RS)
Batting: RHB Manny Ramírez 0-0: Ball
1-0: Ball
2-0: Called Strike
2-1: Ball
3-1: Base on Balls
Frank Maxwell to second
Batting: RHB Juan Estrada 0-0: Ball
1-0: Ball
2-0: Foul Ball, location: 2F
2-1: Fly out, F9 (Flyball, 9LM)
Batting: RHB Bob Carr 0-0: Called Strike
0-1: Ball
1-1: Ground out 3-1 (Groundball, 2R)
Frank Maxwell to third
Manny Ramírez to second
Batting: RHB Pablo Díaz 0-0: Fly out, F8 (Flyball, 8RM)
Top of the 3rd over - 0 run(s), 1 hit(s), 0 error(s), 2 left on base; Intercourse 2 - Butler 2
BOTTOM OF THE 3RD
Butler White Sox batting - Pitching for Intercourse Amish : LHP Michael Miller
Batting: LHB Sam Haynes 0-0: Ball
1-0: Ball
2-0: Called Strike
2-1: Fly out, F7 (Flyball, 7)
Batting: RHB Luis Ramos 0-0: Fly out, F8 (Flyball, 8RD)
Batting: SHB Ben Marks 0-0: Swinging Strike
0-1: Fly out, F7 (Flyball, 7)
Bottom of the 3rd over - 0 run(s), 0 hit(s), 0 error(s), 0 left on base; Intercourse 2 - Butler 2
TOP OF THE 4TH
Intercourse Amish batting - Pitching for Butler White Sox : LHP Dexter Browning
Batting: SHB Conan Hanson 0-0: Ball
1-0: Fly out, F8 (Line Drive, 8LXD)
Batting: RHB Ramón Padilla 0-0: Foul Ball, location: 2F
0-1: Ground out 6-3 (Groundball, 56D)
Batting: RHB Taylor Justice 0-0: Swinging Strike
0-1: Called Strike
0-2: Strikes out swinging
Top of the 4th over - 0 run(s), 0 hit(s), 0 error(s), 0 left on base; Intercourse 2 - Butler 2
BOTTOM OF THE 4TH
Butler White Sox batting - Pitching for Intercourse Amish : LHP Michael Miller
Batting: RHB Bobby Murdock 0-0: Foul Ball, location: 2F
0-1: SINGLE (Groundball, 34D)
Batting: LHB Denny Allen 0-0: Fly out, F9 (Flyball, 89M)
Batting: RHB Tom Lang 0-0: Called Strike
0-1: Fielders Choice at 2nd, 1-6 (Groundball, 13S)
Batting: LHB Thomas Dixon 0-0: Foul Ball, location: 2F
0-1: Ball
1-1: Ball
2-1: Fielders Choice at 2nd, 5-4 (Groundball, 56)
Bottom of the 4th over - 0 run(s), 1 hit(s), 0 error(s), 0 left on base; Intercourse 2 - Butler 2
TOP OF THE 5TH
Intercourse Amish batting - Pitching for Butler White Sox : LHP Dexter Browning
Batting: LHB Jesús Raugel 0-0: Called Strike
0-1: Ball
1-1: DOUBLE (Flyball, 7D)
Batting: RHB Frank Maxwell 0-0: Ball
1-0: Foul Ball, location: 2F
1-1: Ball
2-1: Called Strike
2-2: Foul Ball, location: 2F
2-2: Fly out, F9 (Flyball, 9LM)
Batting: RHB Manny Ramírez 0-0: Called Strike
0-1: Ball
1-1: Ground out 5-3 (Groundball, 56S)
Jesús Raugel to third
Batting: RHB Juan Estrada 0-0: Swinging Strike
0-1: Ball
1-1: Ball
2-1: Ball
3-1: Foul Ball, location: 2F
3-2: Base on Balls
Pitching: LHP Phil Forbes
Batting: RHB Bob Carr 0-0: Ball
1-0: Reached on error, E5 (Groundball, 5S)
Jesús Raugel scores
Juan Estrada to third
Batting: RHB Pablo Díaz 0-0: Called Strike
0-1: Called Strike
0-2: Strikes out swinging
Top of the 5th over - 1 run(s), 1 hit(s), 1 error(s), 2 left on base; Intercourse 3 - Butler 2
BOTTOM OF THE 5TH
Butler White Sox batting - Pitching for Intercourse Amish : LHP Michael Miller
Batting: LHB Josh Pérez 0-0: Ground out 5-3 (Groundball, 56S)
Batting: RHB Steve Clifton 0-0: Ball
1-0: Ball
2-0: Called Strike
2-1: Swinging Strike
2-2: Foul Ball, location: 2F
2-2: Ground out 6-3 (Groundball, 6)
Batting: LHB Sam Haynes 0-0: Called Strike
0-1: Ball
1-1: Ball
2-1: Foul Ball, location: 2F
2-2: Fly out, F4 (Line Drive, 34)
Bottom of the 5th over - 0 run(s), 0 hit(s), 0 error(s), 0 left on base; Intercourse 3 - Butler 2
TOP OF THE 6TH
Intercourse Amish batting - Pitching for Butler White Sox : LHP Phil Forbes
Batting: SHB Conan Hanson 0-0: Foul Ball, location: 2F
0-1: Ball
1-1: Ball
2-1: Ball
3-1: Base on Balls
Batting: RHB Ramón Padilla 0-0: Ball
1-0: Ball
2-0: Called Strike
2-1: SINGLE (Groundball, 6MD)
Conan Hanson to second
Batting: RHB Taylor Justice 0-0: Ball
1-0: Called Strike
1-1: Ball
2-1: Grounds into double play, 4-6-3 (Groundball, 4M)
Conan Hanson to third
Batting: LHB Jesús Raugel 0-0: Swinging Strike
0-1: Ball
1-1: Ball
2-1: Foul Ball, location: 2F
2-2: Strikes out swinging
Top of the 6th over - 0 run(s), 1 hit(s), 0 error(s), 1 left on base; Intercourse 3 - Butler 2
BOTTOM OF THE 6TH
Butler White Sox batting - Pitching for Intercourse Amish : LHP Michael Miller
Batting: RHB Luis Ramos 0-0: Ground out 4-3 (Groundball, 34)
Batting: SHB Ben Marks 0-0: Ball
1-0: Called Strike
1-1: Called Strike
1-2: Fly out, F7 (Flyball, 78D)
Batting: RHB Bobby Murdock 0-0: Ball
1-0: Ball
2-0: Ball
3-0: Called Strike
3-1: Swinging Strike
3-2: Strikes out swinging
Bottom of the 6th over - 0 run(s), 0 hit(s), 0 error(s), 0 left on base; Intercourse 3 - Butler 2
TOP OF THE 7TH
Intercourse Amish batting - Pitching for Butler White Sox : LHP Phil Forbes
Batting: RHB Frank Maxwell 0-0: SINGLE (Line Drive, 8LS)
Batting: RHB Manny Ramírez 0-0: Called Strike
0-1: Foul Ball, location: 2F
0-2: Foul Ball, location: 2F
0-2: Strikes out swinging
Batting: RHB Juan Estrada 0-0: Ball
1-0: DOUBLE (Line Drive, 9LS)
Frank Maxwell to third
Runner from 3rd tries for Home, SAFE, throw made at trailing runner, SAFE at third!
Batting: RHB Bob Carr 0-0: Called Strike
0-1: Ball
1-1: Fly out, F5 (Line Drive, 5)
Batting: RHB Pablo Díaz 0-0: Ball
1-0: Ball
2-0: Called Strike
2-1: Ball
3-1: Swinging Strike
3-2: Strikes out swinging
Top of the 7th over - 1 run(s), 2 hit(s), 0 error(s), 1 left on base; Intercourse 4 - Butler 2
BOTTOM OF THE 7TH
Butler White Sox batting - Pitching for Intercourse Amish : LHP Michael Miller
Batting: LHB Denny Allen 0-0: Foul Ball, location: 2F
0-1: Foul Ball, location: 2F
0-2: Strikes out swinging
Batting: RHB Tom Lang 0-0: Ground out 4-3 (Groundball, 4)
Batting: LHB Thomas Dixon 0-0: Ball
1-0: Ball
2-0: Called Strike
2-1: Foul Ball, location: 2F
2-2: Ball
3-2: Base on Balls
Batting: LHB Josh Pérez 0-0: Swinging Strike
0-1: Foul Ball, location: 2F
0-2: Ball
1-2: Ball
2-2: Foul Ball, location: 2F
2-2: Foul Ball, location: 2F
2-2: Ball
3-2: SINGLE (Flyball, 78S)
Thomas Dixon to second
Thomas Dixon to third
Batting: RHB Steve Clifton 0-0: SINGLE (Groundball, 34D)
Thomas Dixon scores
Josh Pérez to second
Runner from 2nd tries for 3rd, SAFE, no throw
Pinch Hitting: RHB Luis Fuentes 0-0: Called Strike
0-1: SINGLE (Line Drive, 4)
Josh Pérez scores
Steve Clifton to second
Runner from 2nd tries for 3rd, SAFE, throw made to third
Batting: RHB Luis Ramos 0-0: Called Strike
0-1: Swinging Strike
0-2: Foul Ball, location: 2F
0-2: Ball
1-2: Ball
2-2: Strikes out swinging
Bottom of the 7th over - 2 run(s), 3 hit(s), 0 error(s), 2 left on base; Intercourse 4 - Butler 4
TOP OF THE 8TH
Intercourse Amish batting - Pitching for Butler White Sox : LHP Phil Forbes
Now at 2B: Luis Fuentes
Batting: SHB Conan Hanson 0-0: Called Strike
0-1: Ball
1-1: Ball
2-1: Fly out, F8 (Line Drive, 8LM)
Pinch Hitting: RHB José Velázquez 0-0: Ball
1-0: Ball
2-0: Called Strike
2-1: Ball
3-1: Base on Balls
Batting: RHB Taylor Justice 0-0: Ball
1-0: Grounds into double play, 6-4-3 (Groundball, 6)
Top of the 8th over - 0 run(s), 0 hit(s), 0 error(s), 0 left on base; Intercourse 4 - Butler 4
BOTTOM OF THE 8TH
Butler White Sox batting - Pitching for Intercourse Amish : LHP Michael Miller
Pitching: LHP Manuel Encarnación
Now at 1B: José Velázquez
Batting: SHB Ben Marks 0-0: Ball
1-0: Ball
2-0: Swinging Strike
2-1: Called Strike
2-2: Foul Ball, location: 2F
2-2: Ball
3-2: Strikes out swinging
Batting: RHB Bobby Murdock 0-0: Foul Ball, location: 2F
0-1: Fly out, F8 (Line Drive, 8LM)
Batting: LHB Denny Allen 0-0: Called Strike
0-1: Ball
1-1: Ball
2-1: Foul Ball, location: 2F
2-2: Fly out, F3 (Line Drive, 3)
Bottom of the 8th over - 0 run(s), 0 hit(s), 0 error(s), 0 left on base; Intercourse 4 - Butler 4
TOP OF THE 9TH
Intercourse Amish batting - Pitching for Butler White Sox : LHP Phil Forbes
Pitching: RHP Archie Summers
Batting: LHB Jesús Raugel 0-0: Foul Ball, location: 2F
0-1: Fly out, F8 (Flyball, 8RS)
Batting: RHB Frank Maxwell 0-0: Foul Ball, location: 2F
0-1: Ball
1-1: Ball
2-1: Foul Ball, location: 2F
2-2: Foul Ball, location: 2F
2-2: Foul Ball, location: 2F
2-2: Strikes out swinging
Pinch Hitting: LHB Bruce Foster 0-0: Ball
1-0: Ball
2-0: Ground out U3 (Groundball, 3S)
Top of the 9th over - 0 run(s), 0 hit(s), 0 error(s), 0 left on base; Intercourse 4 - Butler 4
BOTTOM OF THE 9TH
Butler White Sox batting - Pitching for Intercourse Amish : LHP Manuel Encarnación
Now in RF: Bruce Foster
Batting: RHB Tom Lang 0-0: Called Strike
0-1: Ball
1-1: Ball
2-1: Called Strike
2-2: Ground out 6-3 (Groundball, 6)
Batting: LHB Thomas Dixon 0-0: Swinging Strike
0-1: Ball
1-1: Foul Ball, location: 2F
1-2: Foul Ball, location: 2F
1-2: Strikes out swinging
Batting: LHB Josh Pérez 0-0: Foul Ball, location: 2F
0-1: Swinging Strike
0-2: Fly out, F8 (Flyball, 8RD)
Bottom of the 9th over - 0 run(s), 0 hit(s), 0 error(s), 0 left on base; Intercourse 4 - Butler 4
TOP OF THE 10TH
Intercourse Amish batting - Pitching for Butler White Sox : RHP Archie Summers
Batting: RHB Juan Estrada 0-0: DOUBLE (Line Drive, 89D)
Batting: RHB Bob Carr 0-0: Ball
1-0: Ball
2-0: Called Strike
2-1: Ball
3-1: Foul Ball, location: 2F
3-2: Foul Ball, location: 2F
3-2: Strikes out swinging
Pinch Hitting: LHB Caleb Hall 0-0: Ball
1-0: Ball
2-0: Foul Ball, location: 2F
2-1: Called Strike
2-2: Ball
3-2: Base on Balls
Batting: SHB Conan Hanson 0-0: Called Strike
Juan Estrada steals 3rd base
Caleb Hall to second
0-1: SINGLE (Groundball, 4MD)
Juan Estrada scores
Caleb Hall to third
Batting: RHB José Velázquez 0-0: Foul Ball, location: 2F
0-1: Swinging Strike
0-2: Ball
1-2: Strikes out looking
Batting: RHB Taylor Justice 0-0: Ground out 4-3 (Groundball, 4M)
Top of the 10th over - 1 run(s), 2 hit(s), 0 error(s), 2 left on base; Intercourse 5 - Butler 4
BOTTOM OF THE 10TH
Butler White Sox batting - Pitching for Intercourse Amish : LHP Manuel Encarnación
Pitching: RHP Sixto Santiago
Now at 2B: Gabriel Stout
Now in LF: Greg Carpenter
Pinch Hitting: LHB Sean Perkins 0-0: Ball
1-0: Swinging Strike
1-1: Ground out 4-3 (Groundball, 4)
Batting: RHB Luis Fuentes 0-0: Ground out 5-3 (Groundball, 56)
Batting: RHB Luis Ramos 0-0: Ball
1-0: Ball
2-0: Swinging Strike
2-1: Foul Ball, location: 2F
2-2: Strikes out swinging
Bottom of the 10th over - 0 run(s), 0 hit(s), 0 error(s), 0 left on base; Intercourse 5 - Butler 4
Tuesday, August 8th, 2017 - OOTP Baseball 17.12 Build 75